 Dungeon Crawl Stone Soup version 0.27.1-3-gb3d3a73c9e (webtiles) character file.

Game seed: 389905775626692998

15 Descartes the Sneak (level 2, 0/16 HPs)
             Began as a Spriggan Delver on Oct 18, 2021.
             Succumbed to an adder's poison
             ... on level 4 of the Dungeon.
             The game lasted 00:01:36 (141 turns).

Descartes the Sneak (Spriggan Delver)                Turns: 141, Time: 00:01:37

Health: 0/16       AC:  2    Str:  8    XL:     2   Next: 34%
Magic:  3/3        EV: 17    Int: 11    God:
Gold:   37         SH:  0    Dex: 16    Spells: 1/1 levels left

rFire    . . .     SeeInvis +   a - +0 short sword
rCold    . . .     Faith    .   (shield restricted)
rNeg     . . .     Spirit   .   b - +0 robe
rPois    .         Reflect  .   (helmet restricted)
rElec    .         Harm     .   (no cloak)
rCorr    .         Rampage  .   (gloves unavailable)
Will     .....                  (boots unavailable)
Stlth    ++........             i - amulet of the acrobat
HPRegen  0.05/turn              (no ring)
MPRegen  0.08/turn              (no ring)

@: lethally poisoned (0 -> -6), hasted, very quick
A: very small, no large weapons, unfitting armour, see invisible, speed 3
a: no special abilities


You were on level 4 of the Dungeon.
You visited 1 branch of the dungeon, and saw 2 of its levels.

You collected 37 gold pieces.

Inventory:

Hand Weapons
 a - a +0 short sword (weapon)
Missiles
 l - 19 stones (quivered)
Armour
 b - a +0 robe (worn)
Jewellery
 i - an amulet of the acrobat (around neck)
Wands
 g - a wand of digging (2)
Scrolls
 c - a scroll of fog
 e - a scroll of fear
 h - 2 scrolls of identify {unknown}
 j - a scroll of teleportation {unknown}
 k - a scroll of amnesia {unknown}


   Skills:
 - Level 2.4 Fighting
 + Level 2.5 Short Blades
 + Level 3.1 Dodging
 * Level 7.7 Stealth


You had one spell level left.
You didn't know any spells.
Your spell library was empty.

Dungeon Overview and Level Annotations

Branches:
Dungeon (5/15)
 Temple: D:4-7

Altars:


Innate Abilities, Weirdness & Mutations

You are very small and have problems with some larger weapons.
You are too small for most types of armour.
You have supernaturally acute eyesight. (SInv)
You cover ground extremely quickly. (Speed+++)


Message History

You barely miss the rat.
The adder hisses angrily.
The rat bites you but does no damage.
You see here a quokka corpse.
Your unstable footing causes you to fumble your attack.
The rat splashes around in the water.
You hit the rat.
You kill the rat!
The adder barely misses you.
Your unstable footing causes you to fumble your attack.
The adder completely misses you.
You hit the adder.
The adder is moderately wounded.
The adder misses you.
You hit the adder.
The adder is severely wounded.
The adder bites you. The adder completely misses you.
You miss the adder.
The adder is severely wounded.
The adder bites you.
You are poisoned.
The adder poisons you!
You barely miss the adder.
The adder is severely wounded.
You feel sick. The adder closely misses you.
You hit the adder but do no damage.
The adder is severely wounded.
You feel sick. The adder barely misses you. The adder misses you.
You closely miss the adder.
The adder is severely wounded.
You feel sick. The adder bites you.
* * * LOW HITPOINT WARNING * * *
You are more poisoned.
The adder poisons you!
You feel yourself speed up.
* * * LOW HITPOINT WARNING * * *
You feel sick. The adder misses you.
You closely miss the adder.
The adder is severely wounded.
You die...

#.##≈≈≈≈≈....###≈,≈≈≈,≈**
#.#,*
#.##≈≈≈≈≈....##≈#******≈*
#.#,*
#.#≈≈≈≈≈#....##≈#≈≈≈≈**≈*
#.#,*
#.#≈≈≈≈≈#.....#≈#,***,*≈*
#.#,*
#.#≈≈≈≈##.....#≈#≈*∩,**≈*
#.#,*
#,≈≈≈≈≈*###**,#≈#≈*****≈*
#.#,** #,≈≈≈≈≈*
*,#≈#*≈≈,≈≈#####.#,*,
#,≈≈≈≈**
**#S########.....#,*,
#.≈≈≈≈*
##@≈≈≈.≈≈.######,*,
..≈≈≈≈**
##########***,,,,,
#.≈≈≈≈≈* *,,,,,,,,,,*,*,
..≈≈≈≈≈* ****,,,,,***,*,
###≈≈≈≈** *,,,,,* *,**
*≈≈≈≈≈* *,,,,,* *,*,
*≈≈≈≈≈* *,,,,,* *,*,
****≈≈≈≈****** *******
*,*, ,,88≈≈≈≈≈88,,** *,*,


You could see an adder.

Vanquished Creatures
  A howler monkey skeleton (D:4)
  An endoplasm (D:4)
  2 quokkas (D:4)
  2 rats (D:4)
6 creatures vanquished.

Notes
Turn   | Place    | Note
-------+----------+-------------------------------------------
     0 | D:5      | Descartes the Spriggan Delver began the quest for the Orb.
     0 | D:5      | Reached XP level 1. HP: 11/11 MP: 2/2
    27 | D:4      | Reached XP level 2. HP: 9/16 MP: 3/3
   141 | D:4      | Succumbed to an adder's poison

Illustrated notes

Levels and vault maps discovered:
D:4:      wander_river, layout_basic, gup_sewer_entry_spiral, serial_glass,
          glass_columns_b, glass_columns_a, minmay_strange_pillars,
          due_unseen_surprise, feat_on_display, uniq_blork_the_orc
D:5:      layout_basic, minmay_temple_entry_poolview

Skill      XL: |  1 |
---------------+----+-----
Dodging        | 3 |  3.1
Fighting       | |  2.4
Short Blades   | |  2.5
Stealth        | |  7.7

Action                   || total
-------------------------++-------
Melee: Short sword       ||    32
Evoke: Wand              ||     1
  Use: Scroll            ||     1
       Potion            ||     1
 Stab: Sleeping          ||     3
Armor: Robe              ||     2
Dodge: Dodged            ||    17
